 Dungeon Crawl Stone Soup version 0.31-a0-819-gf6de2f5ab6 (webtiles) character file.

Game seed: 13823912893227464319

380 qw the Shooter (level 6, 0/38 HPs)
             Began as a Gargoyle Hunter on Sept 23, 2023.
             Slain by an orc wizard
             ... wielding a +0 dagger
              (4 damage)
             ... on level 5 of the Dungeon.
             The game lasted 00:01:27 (3731 turns).

qw the Shooter (Gargoyle Hunter)                    Turns: 3731, Time: 00:01:27

Health: 0/38       AC: 11    Str: 15    XL:     6   Next: 75%
Magic:  6/6        EV: 16    Int:  9    God:
Gold:   305        SH:  0    Dex: 15    Spells: 5/5 levels left

rFire   + . .        Y - +0 shortbow
rCold   + + .        (shield currently unavailable)
rNeg    + . .        i - +0 ring mail
rPois   inf          e - +2 helmet
rElec   +            g - scarf {rC+ rF+}
rCorr   .            o - +0 pair of gloves
SInv    .            (no boots)
Will    .....        (no amulet)
Stlth   +            h - +5 ring of evasion
HPRegen 0.26/turn    f - ring of protection from cold
MPRegen 0.10/turn

%: no passive effects
@: confused
A: sickness immunity, AC +4, negative energy resistance 1, electricity
resistance, torment resistance 1, petrification resistance, camouflage 1,
deformed body
a: no special abilities


You were on level 5 of the Dungeon.
You visited 1 branch of the dungeon, and saw 5 of its levels.

You collected 305 gold pieces.


Innate Abilities, Weirdness & Mutations

You are immune to sickness and miasma.
Your stone body is resilient. (AC +4)
You are immune to poison.
You resist negative energy. (rN+)
You are resistant to electric shocks. (rElec)
You are resistant to unholy torment.
You are immune to petrification.
Your skin changes colour to match your surroundings (Stealth+).
Armour fits poorly on your strangely shaped body.


   Skills:
 - Level 4.0 Fighting
 - Level 7.0 Ranged Weapons
 + Level 1.1 Armour
 - Level 1.5 Dodging
 - Level 1.1 Stealth


You had 5 spell levels left.
You didn't know any spells.
Your spell library was empty.

Inventory:

Hand Weapons
 Y - a +0 shortbow (weapon)
Armour
 a - a +0 cloak
 e - a +2 helmet (worn)
 g - a scarf of resistance (worn)
 i - a +0 ring mail (worn)
 o - a +0 pair of gloves (worn)
Jewellery
 f - a ring of protection from cold (right hand)
 h - a +5 ring of evasion (left hand)
Wands
 b - a wand of digging (4)
Scrolls
 j - a scroll of identify
Potions
 d - a potion of degeneration {unknown}
 k - 2 potions of might
 l - a potion of haste {unknown}
 m - a potion of magic {unknown}
 n - 2 potions of heal wounds {unknown}
 p - a potion of invisibility {unknown}
 q - a potion of ambrosia {unknown}
 r - a potion of mutation

Dungeon Overview and Level Annotations

Branches:
Dungeon (5/15)
 Temple: D:4-7

Altars:
Ashenzari
Kikubaaqudgha
Makhleb
Ru
Trog
Vehumet

Shops:
D:3 :


Message History

You shoot an arrow.
You hear the slow rusting of a very distant drain.
Something hits you but does no damage.
You hear some strange, mumbled words.
You are more confused.
You shoot an arrow. Something hits you but does no damage.
You hear some strange, mumbled words.
You are more confused.
You shoot an arrow.
Something hits you but does no damage. x2
You shoot an arrow.
Something barely misses you. x2; Something hits you but does no damage.
Something hits you.
You shoot an arrow. Something hits you but does no damage. Something hits you.
You shoot an arrow.
You hear some strange, mumbled words.
A magic dart appears from out of thin air!
The magic dart hits you. Something closely misses you.
You shoot an arrow.
Something hits you but does no damage. x2
You shoot an arrow.
An orc wizard appears from thin air!
Reactivating autopickup.
An orc wizard appears from thin air!
The orc wizard gestures wildly while chanting.
The orc wizard flickers and vanishes!
Deactivating autopickup; reactivate with Ctrl-A.
The orc wizard hits you but does no damage.
You hear some strange, mumbled words.
A puff of flame appears from out of thin air!
The puff of flame hits you. You resist.
The orc wizard hits you but does no damage.
The orc wizard hits you but does no damage.
Something barely misses you. Something hits you but does no damage.
The orc wizard hits you with a +0 dagger.
Something hits you.
You die...

. ##.#....# #.
####...## # #.#
##...# .. #..####
####..#.# #..
#..#.## ##.#.....#
#... #....
#......###
##...#...##
##....##
..........###..####
#..o@...#..##
###{###...## ..)
##### ....# #...#
#.... #... ....


You could see an orc wizard.

Vanquished Creatures
  2 hounds (D:4)
  An orc priest (D:5)
  An iguana (D:4)
  Jessica (D:2)
  8 gnolls
  5 adders
  An ufetubus (D:4)
  6 worms (D:4)
  6 orcs
  5 bats
  10 endoplasms
  4 giant cockroaches
  5 goblins
  11 hobgoblins
  4 jackals (D:1)
  2 quokkas
  10 ball pythons
  A frilled lizard (D:1)
  5 kobolds
  4 rats
92 creatures vanquished.

Notes
Turn   | Place    | Note
-------+----------+-------------------------------------------
     0 | D:1      | qw the Gargoyle Hunter began the quest for the Orb.
     0 | D:1      | Reached XP level 1. HP: 12/12 MP: 1/1
     0 | D:1      | 0 ||| qw: Version: 0.3-a-83-gcd0e7d8
     0 | D:1      | 0 ||| qw: Game counter: 1591
     0 | D:1      | 0 ||| qw: Melee chars always use a shield: true
     0 | D:1      | 0 ||| qw: God list: Okawaru
     0 | D:1      | 0 ||| qw: Allow faded altars: false
     0 | D:1      | 0 ||| qw: Do Orc after clearing Dungeon:15 true
     0 | D:1      | 0 ||| qw: Do second Lair branch before Depths: true
     0 | D:1      | 0 ||| qw: Lair rune preference: random
     0 | D:1      | 0 ||| qw: Goals: Normal
     0 | D:1      | 0 ||| PLANNING D:1-11
   189 | D:1      | Reached XP level 2. HP: 17/17 MP: 2/2
   353 | D:1      | HP: 4/17 [jackal (1)]
   633 | D:1      | Reached XP level 3. HP: 21/21 MP: 3/3
   656 | D:1      | Reached skill level 5 in Ranged Weapons
   961 | D:1      | 961 ||| Stepping ~*~*~tactically~*~*~ (water).
  1001 | D:1      | 1001 ||| UPGRADING to +2 helmet.
  1006 | D:1      | 1006 ||| UPGRADING to scarf of resistance.
  1011 | D:1      | 1011 ||| UPGRADING to +5 ring of evasion.
  1012 | D:1      | 1012 ||| READING scroll labelled YSIHA NITEI.
  1013 | D:1      | 1013 ||| READING scroll labelled OFAOCZANOWN.
  1014 | D:1      | 1014 ||| DROPPING scroll of butterflies.
  1115 | D:2      | Reached skill level 3 in Fighting
  1280 | D:2      | Noticed Jessica
  1292 | D:2      | Killed Jessica
  1293 | D:2      | Reached XP level 4. HP: 21/28 MP: 4/4
  1349 | D:2      | 1349 ||| RETREEAATING.
  1351 | D:2      | 1351 ||| Stepping ~*~*~tactically~*~*~ (retreating).
  1363 | D:2      | Reached XP level 5. HP: 22/32 MP: 5/5
  1740 | D:2      | 1740 ||| UPGRADING to +0 pair of gloves.
  1745 | D:2      | 1745 ||| UPGRADING to ring of protection from cold.
  1746 | D:2      | 1746 ||| DROPPING ring of ice.
  1747 | D:2      | 1747 ||| READING scroll labelled YTOPAF QAYHOST.
  1769 | D:2      | 1769 ||| READING scroll labelled UHAIPP MUHEUTZ.
  1770 | D:2      | 1770 ||| DRINKING 3 black potions.
  1784 | D:3      | Found a broken altar of Ashenzari.
  1804 | D:3      | Found a burning altar of Makhleb.
  1838 | D:3      | Found a sacrificial altar of Ru.
  2035 | D:3      | Found a radiant altar of Vehumet.
  2187 | D:3      | Found Xaceuka's Book Emporium.
  2195 | D:3      | 2195 ||| READING scroll labelled JAZ BENLAO.
  2310 | D:3      | Reached skill level 1 in Armour
  2320 | D:3      | Reached skill level 6 in Ranged Weapons
  2417 | D:3      | Found a bloodstained altar of Trog.
  2785 | D:3      | 2785 ||| READING scroll labelled OSESOECAAS.
  2827 | D:4      | Reached XP level 6. HP: 38/38 MP: 6/6
  3414 | D:4      | Found an ancient bone altar of Kikubaaqudgha.
  3597 | D:4      | 3597 ||| UPGRADING to +0 ring mail.
  3607 | D:4      | 3607 ||| DROPPING +0 leather armour.
  3608 | D:4      | 3608 ||| DRINKING 2 golden potions.
  3608 | D:4      | Gained mutation: Armour fits poorly on your strangely
                  | shaped body. [potion of mutation]
  3608 | D:4      | Gained mutation: Your skin changes colour to match your
                  | surroundings (Stealth+). [potion of mutation]
  3624 | D:5      | Entered Level 5 of the Dungeon
  3625 | D:5      | 3625 ||| PLANNING SEWER
  3703 | D:5      | Reached skill level 7 in Ranged Weapons
  3710 | D:5      | HP: 8/38 [something/magic dart (5)]
  3724 | D:5      | HP: 8/38 [something (2)]
  3730 | D:5      | HP: 4/38 [orc wizard/+0 dagger (1)]
  3731 | D:5      | Slain by an orc wizard

Levels and vault maps discovered:
D:1:      dpeg_arrival_another_circle, layout_basic,
          chequers_serial_rivers_room_b
D:2:      layout_loops_cross, minmay_stone_trees_small, uniq_jessica
D:3:      minmay_chambers_of_twos, layout_basic, mainiacjoe_overflow_paths,
          lemuel_round_altar, mainiacjoe_overflow_boulevard,
          trog_three_pillars_becter, nicolae_ru_sacrificial_ziggurat,
          serial_shops, nicolae_shop_just_a_little_nook
D:4:      layout_basic, mainiacjoe_overflow_alcove_2, nicolae_wormholes
D:5:      layout_basic, okawaru_gym_becter, minmay_temple_entry_tees,
          cheibrodos_sewer_entry_sluice, minmay_misc_feat_rows,
          minmay_fractal_squares_gapless_5

Skill      XL: |  1  2  3  4  5  6 |
---------------+-------------------+-----
Ranged Weapons | 5 6 7 |  7.0
Fighting       | 3 4 |  4.0
Armour         | 1 |  1.1
Dodging        | |  1.5
Stealth        | |  1.1

Action                     |  1- 3 |  4- 6 || total
---------------------------+-------+-------++-------
   Fire: Shortbow          |   120 |   245 ||   365
    Use: Scroll            |     2 |     4 ||     6
         Potion            |       |     2 ||     2
 Armour: Leather armour    |    49 |    50 ||    99
         Ring mail         |       |    42 ||    42
  Dodge: Dodged            |    81 |   121 ||   202

Table legend:
 A = Non-vault XP
 B = Vault XP
 C = Vault XP percentage of total XP
 D = Non-vault monster count
 E = Vault monster count
 F = Vault count percentage of total count
                 A         B        C        D         E       F
            +---------+---------+-------+---------+---------+-------
      Total |     427 |     117 |  21.5 |      77 |      15 |  16.3
            +---------+---------+-------+---------+---------+-------
        D:1 |      45 |       0 |   0.0 |      27 |       0 |   0.0
        D:2 |     101 |      37 |  26.8 |      16 |       1 |   5.9
        D:3 |      71 |      50 |  41.3 |      11 |       8 |  42.1
        D:4 |     166 |      30 |  15.3 |      21 |       6 |  22.2
        D:5 |      44 |       0 |   0.0 |       2 |       0 |   0.0
            +---------+---------+-------+---------+---------+-------
